 Dungeon Crawl Stone Soup version 0.28-a0-622-gbaef9634d7 (webtiles) character file.

Game seed: 10623813614628102899

508 ytrimaz the Chopper (level 7, -2/61 HPs)
             Began as a Hill Orc Monk on Oct 7, 2021.
             Splashed by a jelly's acid (6 damage)
             ... on level 5 of the Dungeon.
             The game lasted 00:09:06 (7254 turns).

ytrimaz the Chopper (Hill Orc Monk)                 Turns: 7254, Time: 00:09:07

Health: -2/61      AC: -16   Str: 16    XL:     7   Next: 18%
Magic:  0/7        EV: 10    Int: 10    God:
Gold:   187        SH:  0    Dex: 13    Spells: 6/6 levels left

rFire   . . .      SeeInvis .   a - +0 hand axe
rCold   . . .      Faith    .   (no shield)
rNeg    . . .      Spirit   +   k - +0 scale mail
rPois   .          Reflect  .   (no helmet)
rElec   .          Harm     .   (no cloak)
rCorr   .          Rampage  .   c - +0 pair of gloves
Will    .....                   (no boots)
Stlth   +.........              i - amulet of guardian spirit
HPRegen 0.20/turn               (no ring)
MPRegen 0.10/turn               (no ring)

@: corroded
A: no striking features
a: no special abilities


You were on level 5 of the Dungeon.
You visited 2 branches of the dungeon, and saw 6 of its levels.

You collected 187 gold pieces.

Inventory:

Hand Weapons
 a - a +0 hand axe (weapon)
Armour
 c - a +0 pair of gloves (worn)
 k - a +0 scale mail (worn)
Jewellery
 i - an amulet of guardian spirit (around neck)
Scrolls
 b - 2 scrolls of acquirement {unknown}
 d - 2 scrolls of magic mapping {unknown}
 e - 2 scrolls of noise
 f - a scroll of blinking {unknown}
 g - a scroll of amnesia {unknown}
 h - a scroll of identify {unknown}
Potions
 j - a potion of haste {unknown}
 l - a potion of resistance {unknown}
 m - a potion of invisibility


   Skills:
 + Level 5.4 Fighting
 + Level 7.4 Axes
 + Level 1.7 Armour
 + Level 3.5 Dodging
 + Level 2.6 Stealth


You had 6 spell levels left.
You didn't know any spells.
Your spell library contained the following spells:

 Spells                   Type           Power      Damage    Failure   Level
 Magic Dart               Conj           0%         1d3       80%         1
 Call Imp                 Summ           0%         N/A       91%         2
 Sublimation of Blood     Necr           0%         N/A       91%         2
 Wereblood                Tmut           0%         N/A       91%         2
 Mephitic Cloud           Conj/Pois/Air  0%         N/A       99%         3
 Summon Hydra             Summ           0%         N/A       100%        7


Dungeon Overview and Level Annotations

Branches:
Dungeon (5/15)             Temple (1/1) D:5

Altars:
Ashenzari
Cheibriados
Dithmenos
Elyvilon
Fedhas
Gozag
Hepliaklqana
Kikubaaqudgha
Makhleb
Nemelex Xobeh
Okawaru
Ru
Sif Muna
Trog
Uskayaw
Vehumet
Wu Jian
Xom
Yredelemnul
Zin
The Shining One


Message History

You hit the jelly. The acid corrodes you!
Your hands burn!
The jelly is moderately wounded.
The jelly barely misses you.
You hit the jelly.
Your hands burn!
The jelly is heavily wounded.
The jelly closely misses you.
You hit the jelly but do no damage. The acid corrodes you!
Your hands burn!
The jelly is heavily wounded.
The jelly hits you.
You are splashed with acid!
You hit the jelly.
Your hands burn!
The jelly is severely wounded.
The jelly barely misses you.
You hit the jelly. The acid corrodes you!
Your hands burn!
The jelly is almost dead.
The jelly hits you. The acid corrodes you!
You are splashed with acid!
You hit the jelly but do no damage.
Your hands burn!
The jelly is almost dead.
The jelly hits you. The acid corrodes you!
You are splashed with acid.
* * * LOW HITPOINT WARNING * * *
You hit the jelly but do no damage.
Your hands burn!
* * * LOW HITPOINT WARNING * * *
The jelly is almost dead.
The jelly hits you.
* * * LOW HITPOINT WARNING * * *
The acid corrodes you!
You are splashed with acid!
* * * LOW HITPOINT WARNING * * *
Okay, then.
Okay, then.
There is an open door here.
Found a stone staircase leading up.
You hit the jelly but do no damage.
Your hands burn!
The jelly is almost dead.
The jelly completely misses you.
You hit the jelly but do no damage.
Your hands burn!
* * * LOW HITPOINT WARNING * * *
The jelly is almost dead.
The jelly hits you.
* * * LOW HITPOINT WARNING * * *
You are splashed with acid!
You die...

#.......# #.......#
+.......# #.......#
#.......#
###+####+##..<....#####
#......................
#.....@J...............
#......................
#......................
#......................
####################+##


You could see a jelly.

Vanquished Creatures
  A sky beast (D:3)
  2 phantoms (D:4)
  A scorpion (D:4)
  A howler monkey zombie (D:5)
  3 gnolls
  7 adders
  A white imp (D:5)
  An adder skeleton (D:4)
  A worm (D:2)
  A dart slug (D:1)
  6 ball pythons
  7 bats
  8 endoplasms
  A giant cockroach (D:1)
  5 goblins
  7 hobgoblins
  16 jackals
  7 kobolds
  2 quokkas
  2 frilled lizards
  3 rats
83 creatures vanquished.

Vanquished Creatures (collateral kills)
  A howler monkey skeleton (D:4)
1 creature vanquished.

Vanquished Creatures (others)
  2 plants (D:1)
2 creatures vanquished.

Grand Total: 86 creatures vanquished

Notes
Turn   | Place    | Note
-------+----------+-------------------------------------------
     0 | D:1      | ytrimaz the Hill Orc Monk began the quest for the Orb.
     0 | D:1      | Reached XP level 1. HP: 19/19 MP: 1/1
     6 | D:1      | Noticed a killer bee
     6 | D:1      | Noticed a wolf
     6 | D:1      | Noticed a snapping turtle
     7 | D:1      | Noticed a water moccasin
     7 | D:1      | Noticed a black bear
   112 | D:1      | Reached XP level 2. HP: 7/27 MP: 2/2
   534 | D:1      | Found a faded altar of an unknown god.
   974 | D:1      | Reached XP level 3. HP: 28/34 MP: 3/3
  2389 | D:2      | Reached XP level 4. HP: 11/41 MP: 4/4
  2661 | D:2      | Reached skill level 5 in Axes
  3654 | D:3      | You fall into a shaft and drop 1 floor!
  3771 | D:3      | Reached XP level 5. HP: 23/47 MP: 5/5
  4274 | D:3      | Noticed a sky beast
  4309 | D:3      | Killed a sky beast
  4310 | D:3      | Reached skill level 5 in Fighting
  4310 | D:3      | Reached skill level 6 in Axes
  4400 | D:3      | Reached XP level 6. HP: 47/56 MP: 6/6
  5306 | D:4      | Reached skill level 1 in Armour
  6015 | D:4      | Reached skill level 7 in Axes
  6163 | D:4      | Reached XP level 7. HP: 53/61 MP: 7/7
  6427 | D:5      | Entered Level 5 of the Dungeon
  6427 | D:5      | Found a staircase to the Ecumenical Temple.
  6451 | Temple   | Entered the Ecumenical Temple
  7254 | D:5      | Splashed by a jelly's acid

Illustrated notes

Levels and vault maps discovered:
D:1:      onia_arrival_zoo_common, layout_basic,
          dreamdust_ecumenical_altar_hidden_monk_grotto
D:2:      layout_loops_corners, minmay_fractal_squares_gapless_5
D:3:      layout_basic, st_stairs_6
D:4:      layout_cave_pools, nicolae_ossuary_entry_false_entrances
D:5:      layout_gridville, minmay_temple_entry_mist, ebering_ghost_sewer_f,
          uniq_menkaure
Temple:   kilobyte_greek_temple

Skill      XL: |  1  2  3  4  5  6 |
---------------+-------------------+-----
Fighting       | 4 5 |  5.4
Stealth        | 2 |  2.6
Axes           | 5 6 7 |  7.4
Dodging        | 3 |  3.5
Armour         | 1 |  1.7

Action                   |  1- 3 |  4- 6 |  7- 9 || total
-------------------------+-------+-------+-------++-------
Melee: Hand axe          |   141 |   210 |    49 ||   400
  Use: Scroll            |       |     2 |       ||     2
       Potion            |       |     8 |       ||     8
 Stab: Sleeping          |     4 |     1 |       ||     5
       Invisible         |       |     1 |       ||     1
Armor: Robe              |    28 |    25 |       ||    53
       Skin              |       |    35 |       ||    35
       Scale mail        |       |    28 |    27 ||    55
Dodge: Dodged            |   127 |   115 |    32 ||   274

Table legend: (Time is in decaauts)
 A = Elapsed time spent in this place.
 B = Non-inter-level travel time spent in this place.
 C = Inter-level travel time spent in this place.
 D = Time resting spent in this place.
 E = Time spent auto-exploring this place.
 F = Levels seen in this place.
 G = Mean time per level.
                   A        B        C        D        E       F      G
               +--------+--------+--------+--------+--------+-----+--------+
         Total |   7270 |   7064 |    206 |    826 |   5002 |   6 | 1211.7 |
       Dungeon |   7079 |   6908 |    171 |    826 |   4856 |   5 | 1415.8 |
        Temple |    191 |    156 |     35 |      0 |    146 |   1 |  191.0 |
               +--------+--------+--------+--------+--------+-----+--------+

Top non-repeatable levels by time:
     D:3: 2044 daAuts
     D:2: 1870 daAuts
     D:1: 1762 daAuts
     D:4: 874 daAuts
     D:5: 527 daAuts
  Temple: 191 daAuts
